 Dungeon Crawl Stone Soup version 0.31-a0-175-g9f7f995f2b (webtiles) character file.

Game seed: 7840229750825840157

56 jasper the Caller (level 3, -2/16 HPs)
             Began as a Spriggan Summoner on June 16, 2023.
             Slain by an orc
             ... wielding a +0 flail
              (8 damage)
             ... on level 3 of the Dungeon.
             The game lasted 00:03:21 (1751 turns).

jasper the Caller (Spriggan Summoner)               Turns: 1751, Time: 00:03:21

Health: -2/16      AC:  2    Str:  4    XL:     3   Next: 69%
Magic:  6/8        EV: 17    Int: 18    God:
Gold:   113        SH:  0    Dex: 15    Spells: 2/8 levels left

rFire   . . .        c - +0 dagger
rCold   . . .        (no shield)
rNeg    . . .        a - +0 robe
rPois   .            (helmet restricted)
rElec   .            (no cloak)
rCorr   .            (gloves unavailable)
SInv    +            (boots unavailable)
Will    .....        (no amulet)
Stlth   ++           (no ring)
HPRegen 0.22/turn    (no ring)
MPRegen 0.11/turn

%: no passive effects
@: very quick
A: very small, no large weapons, unfitting armour, see invisible, speed 3
a: no special abilities


You were on level 3 of the Dungeon.
You visited 1 branch of the dungeon, and saw 3 of its levels.

You collected 113 gold pieces.

Inventory:

Hand Weapons
 c - a +0 dagger (weapon)
Missiles
 e - 3 boomerangs
Armour
 a - a +0 robe (worn)
Scrolls
 g - a scroll of fear
Potions
 b - a potion of magic
 d - 2 potions of degeneration
 f - a potion of lignification {unknown}
 i - a potion of heal wounds {unknown}


   Skills:
 - Level 2.6 Dodging
 - Level 3.0 Stealth
 - Level 3.0 Spellcasting
 + Level 4.4 Summonings


You had 2 spell levels left.
You knew the following spells:

 Your Spells              Type           Power      Damage    Failure   Level
a - Summon Small Mammal   Summ           72%        N/A       2%          1
b - Call Imp              Summ           36%        N/A       4%          2
c - Call Canine Familiar  Summ           18%        N/A       8%          3

Your spell library contained the following spells:

 Spells                   Type           Power      Damage    Failure   Level
 Summon Guardian Golem    Hex/Summ       10%        N/A       21%         3
 Summon Lightning Spire   Summ/Air       10%        N/A       54%         4


Dungeon Overview and Level Annotations

Branches:
Dungeon (3/15)

Altars:


Innate Abilities, Weirdness & Mutations

You are very small and have problems with some larger weapons.
You are too small for most types of armour.
You have supernaturally acute eyesight. (SInv)
You cover ground extremely quickly. (Speed+++)


Message History

You take 1 damage, and have 15/16 hp.
You swap places.
There is a stone staircase leading up here.
You enter the shallow water.
Moving in this stuff is going to be slow.
Done exploring.
Health restored: 16; MP restored: 8 Done exploring.
Done exploring.
As you read the scroll labelled JYSIKA POESE, it dissolves into smoke.
It was a scroll of fog.
There is a stone staircase leading down here.
You climb downwards.
There is a stone staircase leading up here.
An orc is nearby!
Casting: Call Imp (safe; 4% risk of failure)
Press: ? - help, Q - select action, (/) - cycle Dir - look around, f - activate A tiny devil pulls itself out of the air.
Your cerulean imp says, "You called?"
You now have 6/8 mp.
The orc hits you with a +0 flail!
Ouch! That really hurt!
Your cerulean imp barely misses the orc.
You take 10 damage, and have 6/16 hp.
MASSIVE DAMAGE!!
You hit the orc but do no damage. The orc misses you.
Your cerulean imp misses the orc.
You hit the orc but do no damage. The orc closely misses you.
Your cerulean imp barely misses the orc.
You barely miss the orc. The orc closely misses you.
Your cerulean imp hits the orc with a -3 spear.
You barely miss the orc.
The orc is heavily wounded.
The orc hits you with a +0 flail.
Your cerulean imp barely misses the orc.
You take 1 damage, and have 6/16 hp.
You hit the orc but do no damage.
The orc is heavily wounded.
The orc hits you with a +0 flail!
Ouch! That really hurt!
You die... ##### #@o5# ###.# #

You could see an orc (ally target) and a friendly cerulean imp (summoned).

Vanquished Creatures
  4 bats
  2 goblins
  3 hobgoblins
  A jackal (D:2)
  A kobold (D:1)
  A ball python (D:1)
  A frilled lizard (D:1)
  A rat (D:1)
14 creatures vanquished.

Vanquished Creatures (collateral kills)
  An adder (D:2)
  A worm (D:2)
  4 ball pythons (D:1)
  An endoplasm (D:2)
  A giant cockroach (D:2)
  A goblin (D:1)
  4 hobgoblins
  4 jackals (D:2)
  A kobold (D:1)
  2 quokkas (D:1)
  2 bats (D:2)
  2 frilled lizards
  A rat (D:1)
25 creatures vanquished.

Grand Total: 39 creatures vanquished

Notes
Turn   | Place    | Note
-------+----------+-------------------------------------------
     0 | D:1      | jasper the Spriggan Summoner began the quest for the Orb.
     0 | D:1      | Reached XP level 1. HP: 9/9 MP: 5/5
   168 | D:1      | Found a faded altar of an unknown god.
   282 | D:1      | Reached XP level 2. HP: 13/13 MP: 4/7
   509 | D:1      | Learned a level 2 spell: Call Imp
   965 | D:2      | Reached skill level 4 in Summonings
   972 | D:2      | Reached XP level 3. HP: 12/16 MP: 4/8
   992 | D:2      | Learned a level 3 spell: Call Canine Familiar
  1751 | D:3      | Slain by an orc

Illustrated notes

Levels and vault maps discovered:
D:1:      tekkud_arrival_beachfront_property, layout_rooms,
          basic_ecumenical_altar
D:2:      layout_rooms, minivault_4, hex_large
D:3:      layout_basic

Skill      XL: |  1  2 |
---------------+-------+-----
Spellcasting   | 3 |  3.0
Summonings     | 4 |  4.4
Dodging        | |  2.6
Stealth        | |  3.0

Action                     || total
---------------------------++-------
  Melee: Dagger            ||    87
   Cast: Summon Small Mamm ||    19
         Call Imp          ||    16
         Call Canine Famil ||     1
    Use: Scroll            ||     3
   Stab: Sleeping          ||     4
 Armour: Robe              ||    20
  Dodge: Dodged            ||   126

Table legend: (Time is in decaauts)
 A = Elapsed time spent in this place.
 B = Non-inter-level travel time spent in this place.
 C = Inter-level travel time spent in this place.
 D = Time resting spent in this place.
 E = Time spent auto-exploring this place.
 F = Levels seen in this place.
 G = Mean time per level.
                   A        B        C        D        E       F      G
               +--------+--------+--------+--------+--------+-----+--------+
         Total |   1341 |   1311 |     30 |    100 |    862 |   3 |  447.0 |
       Dungeon |   1341 |   1311 |     30 |    100 |    862 |   3 |  447.0 |
               +--------+--------+--------+--------+--------+-----+--------+

Top non-repeatable levels by time:
     D:1: 732 daAuts
     D:2: 602 daAuts
     D:3: 6 daAuts
